 Dungeon Crawl Stone Soup version 0.28-a0-537-g3bccd9ccbf (webtiles) character file.

Game seed: 17592056645463800944

216 HoaS the Twirler (level 5, 0/30 HPs)
             Began as a Gargoyle Gladiator on Sept 27, 2021.
             Slain by a rat (1 damage)
             ... in a sewer.
             The game lasted 00:07:41 (2920 turns).

HoaS the Twirler (Gargoyle Gladiator)               Turns: 2920, Time: 00:07:42

Health: 0/30       AC:  5    Str: 18    XL:     5   Next: 93%
Magic:  5/5        EV: 12    Int:  9    God:
Gold:   94         SH:  0    Dex: 11    Spells: 4/4 levels left

rFire   + + +      SeeInvis .   e - +4 lajatang "Doeleusue" {vorpal, Contam *Rage rF+++}
rCold   . . .      Faith    .   (shield currently unavailable)
rNeg    + . .      Spirit   .   (no armour)
rPois   ∞          Reflect  .   c - +0 helmet
rElec   +          Harm     .   (no cloak)
rCorr   .          Rampage  .   (no gloves)
Will    .....      Rage     20% (no boots)
Stlth   +.........              (no amulet)
HPRegen 0.10/turn               (no ring)
MPRegen 0.09/turn               (no ring)

@: no status effects
A: sickness immunity, AC +4, negative energy resistance 1, electricity
resistance, torment resistance 1, petrification resistance
a: no special abilities


You were in a sewer.
You visited 1 branch of the dungeon, and saw 3 of its levels.
You also visited: Sewer.

You collected 94 gold pieces.

Inventory:

Hand Weapons
 e - the +4 lajatang "Doeleusue" (weapon) {vorpal, Contam *Rage rF+++}
   (You acquired it on level 2 of the Dungeon)

   It inflicts extra damage upon your enemies.
   rF:        It renders you almost immune to fire.
   *Rage:     It lets you go berserk by making a melee attack (+20% chance).
   Contam:    It causes magical contamination when unequipped.
Missiles
 a - 49 arrows
 h - 4 javelins
 i - 6 curare-tipped darts
 j - 3 throwing nets (quivered)
 m - 8 poisoned darts
Armour
 c - a +0 helmet (worn)
 l - a +0 chain mail
Wands
 d - a wand of flame (3)
Scrolls
 o - a scroll of teleportation {unknown}
Potions
 b - a potion of attraction {unknown}
 f - 2 potions of haste
 g - a potion of curing {unknown}
 k - a potion of flight {unknown}
 n - a potion of brilliance {unknown}


   Skills:
 - Level 2.1 Fighting
 * Level 6.4 Staves
 - Level 1.7 Throwing
 - Level 2.4 Dodging


You had 4 spell levels left.
You didn't know any spells.
Your spell library contained the following spells:

 Spells                   Type           Power      Damage    Failure   Level
 Summon Small Mammal      Summ           0%         N/A       38%         1
 Slow                     Hex            0%         N/A       52%         2
 Call Canine Familiar     Summ           0%         N/A       77%         3
 Confusing Touch          Hex            0%         N/A       77%         3
 Conjure Flame            Conj/Fire      0%         6-21      77%         3
 Ignite Poison            Fire/Tmut/Pois 0%         N/A       77%         3
 Summon Guardian Golem    Hex/Summ       0%         N/A       77%         3
 Olgreb's Toxic Radiance  Pois           0%         N/A       99%         4
 Sticky Flame             Conj/Fire      0%         2d3       99%         4
 Yara's Violent Unravell  Hex/Tmut       0%         3d3       100%        5
 Ozocubu's Refrigeration  Ice            0%         4d5       100%        7
 Ignition                 Fire           0%         3d3       100%        8


Dungeon Overview and Level Annotations

Branches:
Dungeon (3/15)              Sewer (1/1)

Altars:

Shops:
D:2 [


Innate Abilities, Weirdness & Mutations

You are immune to sickness and miasma.
Your stone body is resilient. (AC +4)
You are immune to poison.
You resist negative energy. (rN+)
You are resistant to electric shocks. (rElec)
You are resistant to unholy torment.
You are immune to petrification.


Message History

The rat misses you. The rat bites you but does no damage.
The rat bites you but does no damage.
The rat twitches its whiskers.
The rat bites you but does no damage. The rat bites you.
* * * LOW HITPOINT WARNING * * *
The rat barely misses you. The rat misses you. The rat barely misses you.
The rat misses you. The rat bites you but does no damage.
The rat bites you but does no damage. The rat bites you but does no damage.
The rat closely misses you. The rat closely misses you.
The rat closely misses you. The rat misses you.
The rat bites you but does no damage. The rat bites you.
* * * LOW HITPOINT WARNING * * *
The rat barely misses you. The rat barely misses you. The rat misses you.
The rat bites you.
* * * LOW HITPOINT WARNING * * *
The rat barely misses you. The rat bites you but does no damage.
A frilled lizard comes into view.
The rat misses you.
The frilled lizard hisses angrily.
The rat bites you but does no damage. The frilled lizard barely misses you.
The frilled lizard barely misses you. The rat misses you. The rat misses you.
The frilled lizard bites you but does no damage.
The frilled lizard completely misses you.
The rat bites you.
* * * LOW HITPOINT WARNING * * *
The rat bites you.
You die...

## #. ### .# #.##r#
##l@# #.#########
##....#.#.##
#####.#.#†##
#.#####.#
############.#######
≈≈≈≈#≈≈.≈≈≈...≈.≈≈≈≈
≈≈≈≈#≈≈.≈.≈≈.≈.....≈
########≈###########


You could see a frilled lizard and a rat.

Vanquished Creatures
  Natasha (twice) (D:2)
  Terence (D:1)
  A gnoll (D:1)
  2 adders (D:3)
  3 river rats (Sewer)
  2 worms
  A dart slug (D:1)
  An orc (D:3)
  8 endoplasms
  5 giant cockroaches
  3 goblins
  4 hobgoblins
  2 jackals (D:1)
  10 kobolds
  4 quokkas
  8 ball pythons
  4 bats
  7 frilled lizards
  12 rats
80 creatures vanquished.

Vanquished Creatures (others)
  2 fungi (D:1)
  3 plants (D:1)
5 creatures vanquished.

Grand Total: 85 creatures vanquished

Notes
Turn   | Place    | Note
-------+----------+-------------------------------------------
     0 | D:1      | HoaS the Gargoyle Gladiator began the quest for the Orb.
     0 | D:1      | Reached XP level 1. HP: 12/12 MP: 1/1
   159 | D:1      | Reached XP level 2. HP: 13/17 MP: 2/2
   267 | D:1      | Found a faded altar of an unknown god.
   532 | D:1      | Reached skill level 4 in Staves
   577 | D:1      | Reached XP level 3. HP: 20/21 MP: 3/3
  1298 | D:2      | Noticed Terence
  1521 | D:1      | Killed Terence
  1522 | D:1      | Reached XP level 4. HP: 18/26 MP: 4/4
  1635 | D:2      | Reached skill level 5 in Staves
  1675 | D:2      | Identified a scroll of acquirement
  1675 | D:2      | Acquired the +4 lajatang "Doeleusue" {vorpal, Contam *Rage
                  | rF+++}
  1810 | D:2      | Found Vock's Armour Emporium.
  1968 | D:2      | Noticed Natasha
  1975 | D:2      | Killed Natasha
  2018 | D:2      | Noticed Natasha
  2024 | D:2      | Killed Natasha
  2025 | D:2      | Reached XP level 5. HP: 30/30 MP: 5/5
  2347 | D:3      | Reached skill level 6 in Staves
  2476 | D:3      | Found a glowing drain.
  2480 | Sewer    | Entered a sewer
  2919 | Sewer    | HP: 1/30 [rat (2)]
  2920 | Sewer    | Slain by a rat

Illustrated notes

Levels and vault maps discovered:
D:1:      wander_arrival_fairy_ring, layout_basic,
          shapermc_ecumenical_altar_acropolis
D:2:      layout_rooms, serial_shops, shop, uniq_natasha, uniq_terence
D:3:      layout_basic, nicolae_yredelemnul_corpse_copse,
          gup_sewer_entry_spiral, minivault_19, corexii_shack
Sewer:    sewer_co_cracked_pipes

Skill      XL: |  1  2  3  4  5 |
---------------+----------------+-----
Staves         | 4 5 6 |  6.4
Fighting       | |  2.1
Throwing       | |  1.7
Dodging        | |  2.4

Action                   |  1- 3 |  4- 6 || total
-------------------------+-------+-------++-------
Melee: Quarterstaff      |    73 |    19 ||    92
       Lajatang          |       |   103 ||   103
Throw: Throwing net      |     3 |       ||     3
  Use: Scroll            |     2 |     2 ||     4
Armor: Leather armour    |    28 |       ||    28
       Scale mail        |       |    20 ||    20
       Chain mail        |       |    87 ||    87
       Skin              |       |    51 ||    51
Dodge: Dodged            |    54 |   175 ||   229

Table legend: (Time is in decaauts)
 A = Elapsed time spent in this place.
 B = Non-inter-level travel time spent in this place.
 C = Inter-level travel time spent in this place.
 D = Time resting spent in this place.
 E = Time spent auto-exploring this place.
 F = Levels seen in this place.
 G = Mean time per level.
                   A        B        C        D        E       F      G
               +--------+--------+--------+--------+--------+-----+--------+
         Total |   3073 |   2990 |     83 |    818 |   1341 |   4 |  768.2 |
       Dungeon |   2585 |   2502 |     83 |    694 |   1298 |   3 |  861.7 |
         Sewer |    487 |    487 |      0 |    123 |     42 |   1 |  487.0 |
               +--------+--------+--------+--------+--------+-----+--------+

Top non-repeatable levels by time:
     D:1: 1631 daAuts
     D:2: 504 daAuts
   Sewer: 487 daAuts
     D:3: 449 daAuts
